 Dungeon Crawl Stone Soup version 0.25.1-9-gc5326a611f (webtiles) character file.

Game seed: 1584820300001822054

1827 pokeman the Thaumaturge (level 8, -2/43 HPs)
             Began as a Deep Elf Wizard on Dec 31, 2020.
             Was an Initiate of Vehumet.
             Killed from afar by a steam dragon (24 damage)
             ... with a ball of steam
             ... on level 7 of the Dungeon.
             The game lasted 00:12:34 (7997 turns).

pokeman the Thaumaturge (Deep Elf Wizard)           Turns: 7997, Time: 00:12:35

Health: -2/43      AC:  7    Str:  4    XL:     8   Next: 86%
Magic:  24/24      EV: 12    Int: 26    God:    Vehumet [......]
Gold:   490        SH:  0    Dex: 13    Spells: 15/27 levels left

rFire    . . .     SeeInvis .   (no weapon)
rCold    . . .     Gourm    .   (no shield)
rNeg     . . .     Faith    .   c - +0 leather armour (curse)
rPois    .         Spirit   .   y - +1 helmet
rElec    .         Reflect  .   e - +0 cloak (curse)
rCorr    .         Harm     .   m - +0 pair of gloves
MR       .....                  (no boots)
Stlth    ++........             (no amulet)
HPRegen  0.14/turn              t - ring of flight
MPRegen  0.19/turn              (no ring)

@: no status effects
A: no striking features
a: Renounce Religion, Evoke Flight


You were on level 7 of the Dungeon.
You worshipped Vehumet.
Vehumet was noncommittal.
You were not hungry.

You visited 2 branches of the dungeon, and saw 8 of its levels.

You collected 490 gold pieces.

Inventory:

Hand Weapons
 q - a +0 shortbow
Missiles
 r - 27 bolts
 s - 107 arrows
Armour
 c - a cursed +0 leather armour (worn)
 e - a cursed +0 cloak (worn)
 m - a +0 pair of gloves (worn)
 n - a +0 buckler
 y - a +1 helmet (worn)
 B - a +0 troll leather armour
Jewellery
 t - a ring of flight (left hand)
Wands
 l - a wand of digging (4)
 w - a wand of acid (5)
 C - a wand of iceblast (9)
Scrolls
 f - 6 scrolls of remove curse {unknown}
 h - 7 scrolls of identify {unknown}
 i - 4 scrolls of magic mapping {unknown}
 o - a scroll of amnesia {unknown}
 v - a scroll of teleportation {unknown}
 x - a scroll of fog {unknown}
 A - a scroll of summoning {unknown}
Potions
 a - 2 potions of brilliance {unknown}
 g - 4 potions of curing {unknown}
 j - a potion of berserk rage {unknown}
 k - 3 potions of magic {unknown}
 p - a potion of flight {unknown}
 u - 2 potions of mutation {unknown}
 z - a potion of might {unknown}
Comestibles
 b - 2 chunks of flesh
 d - 11 rations


   Skills:
 - Level 1.0 Fighting
 + Level 2.6 Armour
 - Level 3.0 Dodging
 - Level 3.0 Stealth
 - Level 2.0 Shields
 * Level 10.4 Spellcasting
 + Level 5.5 Conjurations
 - Level 1.1 Summonings
 - Level 1.1 Translocations
 + Level 4.6 Fire Magic
 - Level 1.0 Air Magic
 - Level 1.0 Poison Magic
 - Level 1.0 Evocations


You had 15 spell levels left.
You knew the following spells:

 Your Spells              Type           Power        Failure   Level  Hunger
a - Magic Dart            Conj           ####         1%          1    None
b - Mephitic Cloud        Conj/Pois/Air  ####....     9%          3    None
c - Call Imp              Summ           ###.....     8%          2    None
d - Blink                 Tloc           N/A          8%          2    None
e - Conjure Flame         Conj/Fire      #####...     2%          3    None
f - Apportation           Tloc           ###...       4%          1    None

Your spell library contained the following spells:

 Spells                   Type           Power        Failure   Level  Hunger
 Summon Small Mammal      Summ           ###.         4%          1    None
 Animate Skeleton         Necr           N/A          8%          1    None
 Corona                   Hex            ##.....      8%          1    None
 Slow                     Hex            ##......     12%         2    None


Dungeon Overview and Level Annotations

Branches:
Dungeon (7/15)             Temple (1/1) D:5

Altars:
Ashenzari
Elyvilon
Fedhas
Gozag
Kikubaaqudgha
Makhleb
Nemelex Xobeh
Okawaru
Qazlal
Ru
Sif Muna
Trog
Uskayaw
Vehumet
Wu Jian
Xom
Zin

Shops:
D:5 }


Message History

A steam dragon comes into view.
What are your orders? t - Shout!
Orders for allies: a - Attack new target. r - Retreat! s - Stop attacking. g - Guard the area. f - Follow me.
Anything else - Cancel.
You shout for attention!
The steam dragon hisses angrily.
The steam dragon is sucked into a shaft!
The shaft crumbles and collapses.
You hit the fungus but do no damage. The steam dragon breathes steam at you.
The ball of steam hits you!!
The fungus is engulfed in a cloud of scalding steam. x3
The fungus is engulfed in a cloud of scalding steam.
The fungus is engulfed in a cloud of scalding steam.
The steam dragon breathes steam at you. The ball of steam hits you!!
Ouch! That really hurt!
You die...

.....## #.##.#.###.#
....## #.##.#>..#.#
....#########.##.......#
..............##..##.###
##..################.#
≈####### ###≈≈P..#
≈....P≈#######^..P≈..#
.........§.P§P≈P.^≈..##
P≈^.^P..P.D...§§@.....#
^#########§§PP.≈P.....#
# ########≈≈...# #####.#
.# .#


There were no monsters in sight!

Vanquished Creatures
  A troll (D:7)
  Prince Ribbit (D:7)
  An ice beast (D:5)
  A sky beast (D:5)
  A phantom (D:6)
  A necrophage (D:6)
  4 ogres
  3 centaurs (D:6)
  A bullfrog (D:6)
  A scorpion (D:5)
  A howler monkey (D:4)
  A crimson imp (D:5)
  A hound (D:4)
  A centaur skeleton (D:7)
  2 orc priests (D:5)
  2 iguanas (D:4)
  2 worker ants
  11 adders
  2 oozes (D:1)
  An adder skeleton (D:5)
  2 worms (D:2)
  2 dart slugs (D:1)
  5 leopard geckos
  10 orcs
  11 giant cockroaches
  7 goblins
  7 hobgoblins (D:2)
  5 kobolds
  4 quokkas
  10 bats
  4 frilled lizards
  A jackal skeleton (D:4)
  A leopard gecko skeleton (D:5)
  7 rats
115 creatures vanquished.

Vanquished Creatures (others)
  3 toadstools (D:3)
3 creatures vanquished.

Grand Total: 118 creatures vanquished

Notes
Turn   | Place    | Note
-------+----------+-------------------------------------------
     0 | D:1      | pokeman the Deep Elf Wizard began the quest for the Orb.
     0 | D:1      | Reached XP level 1. HP: 10/10 MP: 7/7
   174 | D:1      | Reached XP level 2. HP: 16/16 MP: 1/9
   576 | D:1      | Reached skill level 5 in Spellcasting
   766 | D:1      | Reached XP level 3. HP: 20/20 MP: 6/11
   771 | D:1      | Learned a level 3 spell: Mephitic Cloud
   774 | D:1      | Learned a level 2 spell: Call Imp
   777 | D:1      | Learned a level 2 spell: Blink
   781 | D:1      | Learned a level 3 spell: Conjure Flame
  1175 | D:2      | Reached skill level 1 in Armour
  1478 | D:2      | Reached skill level 1 in Fighting
  1750 | D:2      | Reached XP level 4. HP: 25/25 MP: 7/13
  1924 | D:2      | Found a blossoming altar of Fedhas.
  2717 | D:2      | Found a bloodstained altar of Trog.
  2717 | D:2      | Found a white marble altar of Elyvilon.
  2717 | D:2      | Found a shimmering altar of Xom.
  3081 | D:3      | Reached skill level 1 in Fire Magic
  3295 | D:3      | Reached XP level 5. HP: 29/29 MP: 12/15
  3428 | D:3      | Reached skill level 6 in Spellcasting
  4260 | D:4      | Learned a level 1 spell: Apportation
  4342 | D:4      | Found an opulent altar of Gozag.
  4362 | D:4      | Reached skill level 1 in Air Magic
  4464 | D:4      | Noticed an ogre
  4473 | D:4      | Killed an ogre
  4473 | D:4      | Reached skill level 1 in Poison Magic
  4473 | D:4      | Reached skill level 1 in Evocations
  4473 | D:4      | Reached XP level 6. HP: 34/34 MP: 8/17
  4673 | D:4      | Reached skill level 7 in Spellcasting
  5091 | D:4      | Found a shimmering blue altar of Sif Muna.
  5214 | D:5      | Entered Level 5 of the Dungeon
  5675 | D:5      | Noticed an ice beast
  5712 | D:5      | Killed an ice beast
  5712 | D:5      | Reached skill level 1 in Shields
  5712 | D:5      | Reached XP level 7. HP: 38/38 MP: 13/20
  5964 | D:5      | Reached skill level 8 in Spellcasting
  6210 | D:5      | Found a staircase to the Ecumenical Temple.
  6319 | D:5      | Found Dudeiwyng's Gadget Emporium.
  7003 | D:6      | Reached skill level 9 in Spellcasting
  7003 | D:6      | Reached XP level 8. HP: 43/43 MP: 15/23
  7137 | Temple   | Entered the Ecumenical Temple
  7179 | Temple   | Became a worshipper of Vehumet
  7284 | D:6      | Reached skill level 5 in Conjurations
  7545 | D:6      | Found a burning altar of Makhleb.
  7760 | D:7      | Noticed Prince Ribbit
  7760 | D:7      | Noticed a troll
  7776 | D:7      | Killed Prince Ribbit
  7776 | D:7      | Reached skill level 10 in Spellcasting
  7810 | D:7      | Killed a troll
  7997 | D:7      | Killed from afar by a steam dragon

Illustrated notes

Levels and vault maps discovered:
D:1:      tarquinn_simple_flora_water_f, layout_rooms
D:2:      minmay_chambers_of_ones, layout_loops_ring,
          gammafunk_temple_overflow_forgotten, fedhas_ov_isle_minmay
D:3:      layout_loops_ring, palyth_stone_intersect, roderic_lattice_a,
          minmay_gold_behind_fungi
D:4:      layout_loops_ring, lemuel_blue_sif_altar, grunt_gozag_statues,
          first_ration
D:5:      layout_basic, minmay_temple_entry_from_below_a, serial_shops, shop
D:6:      layout_cave_pools, kennysheep_mini_moat
D:7:      kennysheep_steamy, layout_loops_ring, serial_glass, glass_columns_a,
          glass_columns_c, feat_on_display, uniq_prince_ribbit1
Temple:   nicolae_temple_god_jail

Skill      XL: |  1  2  3  4  5  6  7  8 |
---------------+-------------------------+-----
Spellcasting   | 5 6 7 9 10 | 10.4
Armour         | 1 2 |  2.6
Conjurations   | 2 3 4 5 |  5.5
Fighting       | 1 |  1.0
Dodging        | 3 |  3.0
Fire Magic     | 1 2 3 4 |  4.6
Stealth        | 3 |  3.0
Air Magic      | 1 |  1.0
Poison Magic   | 1 |  1.0
Evocations     | 1 |  1.0
Shields        | 1 2 |  2.0
Summonings     | |  1.1
Translocations | |  1.1

Action                   |  1- 3 |  4- 6 |  7- 9 || total
-------------------------+-------+-------+-------++-------
Melee: Unarmed           |       |    29 |     6 ||    35
 Cast: Magic Dart        |   107 |   175 |   112 ||   394
       Call Imp          |       |     1 |     4 ||     5
       Mephitic Cloud    |       |     1 |     5 ||     6
       Conjure Flame     |       |       |     6 ||     6
  Eat: Chunk             |     2 |    11 |     8 ||    21
Armor: Robe              |     2 |       |       ||     2
       Leather armour    |     5 |     6 |     5 ||    16
Dodge: Dodged            |    17 |    21 |    18 ||    56
